 Dungeon Crawl Stone Soup version 0.29.1-13-g9f3cf754e1 (webtiles) character file.

Game seed: 10105849390544460023

86 theswoord the Twirler (level 4, -9/33 HPs)
             Began as a Demonspawn Gladiator on Jan 23, 2023.
             Killed from afar by a white imp (13 damage)
             ... with a puff of frost
             ... summoned by Natasha
             ... on level 2 of the Dungeon.
             The game lasted 00:01:34 (1863 turns).

theswoord the Twirler (Demonspawn Gladiator)        Turns: 1863, Time: 00:01:34

Health: -9/33      AC: 12    Str: 16    XL:     4   Next: 26%
Magic:  4/4        EV:  7    Int:  9    God:
Gold:   46         SH:  0    Dex: 15    Spells: 3/3 levels left

rFire   . . .      SeeInvis .   a - +0 quarterstaff
rCold   . . .      Faith    .   (shield currently unavailable)
rNeg    . . .      Spirit   .   h - +0 chain mail
rPois   .          Reflect  .   c - +0 helmet
rElec   .          Harm     .   (no cloak)
rCorr   .          Rampage  .   (no gloves)
Will    .....                   (no boots)
Stlth   ..........              (no amulet)
HPRegen 0.11/turn               (no ring)
MPRegen 0.09/turn               (no ring)

@: no status effects
A: yellow scales 2, weakness stinger 1
a: no special abilities


You were on level 2 of the Dungeon.
You visited 1 branch of the dungeon, and saw 2 of its levels.

You collected 46 gold pieces.

Inventory:

Hand Weapons
 a - a +0 quarterstaff (weapon)
Missiles
 d - 3 throwing nets (quivered)
 e - a javelin
Armour
 b - a +0 leather armour
 c - a +0 helmet (worn)
 h - a +0 chain mail (worn)
Jewellery
 i - an amulet of regeneration
Scrolls
 g - 2 scrolls of immolation {unknown}
 k - a scroll of vulnerability {unknown}
 n - a scroll of identify {unknown}
Potions
 f - a potion of degeneration {unknown}
 j - a potion of might {unknown}
 l - a potion of brilliance {unknown}
 m - a potion of cancellation {unknown}


   Skills:
 - Level 2.0 Fighting
 + Level 4.7 Staves
 - Level 1.7 Throwing
 - Level 2.6 Dodging


You had 3 spell levels left.
You didn't know any spells.
Your spell library was empty.

Dungeon Overview and Level Annotations

Branches:
Dungeon (2/15)

Altars:

Annotations:
D:2 Natasha


Innate Abilities, Weirdness & Mutations

You are mostly covered in yellow scales. (AC +3)
You have a small tail.


Message History

Natasha glows brightly for a moment.
Natasha claws you but does no damage.
You miss Natasha.
Natasha is lightly wounded.
Natasha growls.
Natasha completely misses you. Natasha claws you.
You hit Natasha.
Natasha is moderately wounded.
Natasha claws you!
* * * LOW HITPOINT WARNING * * *
You hit Natasha.
Natasha is heavily wounded.
Natasha mumbles some strange words.
You feel troubled.
Natasha casts a spell.
You closely miss Natasha.
Your tail-slap misses Natasha.
Natasha is heavily wounded.
Natasha mumbles some strange words.
The white imp hits you but does no damage.
You closely miss Natasha.
Natasha is heavily wounded.
Natasha claws you but does no damage.
The white imp shouts, "Turn tail, thou dankish dizzy-eyed dewberry!"
The white imp hits you.
* * * LOW HITPOINT WARNING * * *
The white imp freezes you.
* * * LOW HITPOINT WARNING * * *
The crimson imp barely misses you.
You barely miss Natasha.
Natasha is heavily wounded.
Natasha claws you.
* * * LOW HITPOINT WARNING * * *
The white imp hits you but does no damage.
The crimson imp hits you but does no damage.
You hit Natasha. You tail-slap Natasha.
Natasha is almost dead.
Natasha closely misses you. The white imp gestures at you.
The puff of frost hits you!
You die...

#.............[........
#......................
#.......†...........###
#........†#####.....#
.........###.........
##..................
#.......[.....
#.5...........
#.h@..........
......5...#......#
..........#.......
................##
...............##
..............>.
..............#
##............#


You could see Natasha, a crimson imp (summoned) and a white imp (summoned).

Vanquished Creatures
  3 gnolls (D:2)
  2 adders
  A worm (D:2)
  4 endoplasms
  A giant cockroach (D:1)
  3 goblins (D:1)
  3 hobgoblins
  2 jackals (D:1)
  2 quokkas (D:1)
  2 ball pythons (D:1)
  5 bats
  4 frilled lizards
  A kobold (D:1)
  2 rats (D:1)
  A spectral goblin (D:1)
36 creatures vanquished.

Notes
Turn   | Place    | Note
-------+----------+-------------------------------------------
     0 | D:1      | theswoord the Demonspawn Gladiator began the quest for the
                  | Orb.
     0 | D:1      | Reached XP level 1. HP: 16/16 MP: 1/1
   111 | D:1      | Reached skill level 3 in Staves
   324 | D:1      | Gained mutation: You are partially covered in yellow
                  | scales. (AC +2) [demonic ancestry]
   324 | D:1      | Reached XP level 2. HP: 1/22 MP: 2/2
  1205 | D:1      | Found a faded altar of an unknown god.
  1383 | D:1      | Gained mutation: You are mostly covered in yellow scales.
                  | (AC +3) [demonic ancestry]
  1383 | D:1      | Reached XP level 3. HP: 26/27 MP: 3/3
  1537 | D:1      | Reached skill level 4 in Staves
  1762 | D:2      | Gained mutation: You have a small tail. [demonic ancestry]
  1762 | D:2      | Reached XP level 4. HP: 33/33 MP: 4/4
  1852 | D:2      | Noticed Natasha
  1863 | D:2      | Killed from afar by a white imp

Skill      XL: |  1  2  3 |
---------------+----------+-----
Staves         | 3 4 |  4.7
Fighting       | |  2.0
Throwing       | |  1.7
Dodging        | |  2.6

Action                   |  1- 3 |  4- 6 || total
-------------------------+-------+-------++-------
Melee: Quarterstaff      |    90 |    24 ||   114
       Tailslap          |       |     4 ||     4
 Stab: Sleeping          |     1 |       ||     1
Armor: Leather armour    |    15 |       ||    15
       Chain mail        |    46 |    17 ||    63
Dodge: Dodged            |    52 |     8 ||    60

Levels and vault maps discovered:
D:1:      dpeg_arrival_three_same_balls, layout_basic,
          dreamdust_ecumenical_altar_drowned_temple
D:2:      layout_basic, minmay_tetromino_t4, uniq_natasha
